 Dungeon Crawl Stone Soup version 0.29-a0-994-gc5c9f59d18 (webtiles) character file.

Game seed: 17955041117060547466

128264 vurker the Slayer (level 16, -4/161 (168) HPs)
             Began as a Minotaur Enchanter on Aug 3, 2022.
             Was the Champion of Makhleb.
             Slain by a culicivora (8 damage)
             ... led by a torpor snail
             ... on level 1 of the Spider Nest.
             The game lasted 00:48:09 (38132 turns).

vurker the Slayer (Minotaur Enchanter)             Turns: 38132, Time: 00:48:10

HP:   -4/161 (168)  AC: 25    Str: 28    XL:     16   Next: 48%
MP:   0/23          EV: 12    Int: 15    God:    Makhleb [******]
Gold: 2046          SH:  0    Dex: 10    Spells: 17/17 levels left

rFire   . . .      SeeInvis .   a - +1 lajatang
rCold   + + .      Faith    .   (shield currently unavailable)
rNeg    . . .      Spirit   +   N - +1 plate armour {rC+}
rPois   +          Reflect  .   j - +2 hat
rElec   .          Harm     .   v - +0 cloak
rCorr   .          Rampage  .   H - +1 pair of gloves {Stlth+}
Will    ++...                   M - +0 pair of boots
Stlth   ..........              J - amulet of guardian spirit
HPRegen 0.36/turn               u - ring of Xom's Bemusement {rC+ Will+ Str+6 Int+3}
MPRegen 0.18/turn               z - ring of poison resistance

@: slowed, lightly drained, very slow
A: horns 2, retaliatory headbutt
a: Renounce Religion, Minor Destruction, Lesser Servant of Makhleb, Major
Destruction, Greater Servant of Makhleb


You were on level 1 of the Spider Nest.
You worshipped Makhleb.
Makhleb was exalted by your worship.
You visited 5 branches of the dungeon, and saw 24 of its levels.
You also visited: Ossuary and Gauntlet.

You collected 2314 gold pieces.
You spent 268 gold pieces at shops.

Inventory:

Hand Weapons
 a - a +1 lajatang (weapon)
   (You found it on level 1 of the Dungeon)
 b - the +7 quarterstaff of Saifigorgh {elec, rPois rF+ rN+}
   (You found it on level 1 of the Spider Nest)

   It occasionally discharges a powerful burst of electricity upon striking a
   foe.
   rF:        It protects you from fire.
   rPois:     It protects you from poison.
   rN:        It protects you from negative energy.
Armour
 j - a +2 hat (worn)
   (You found it on level 3 of the Dungeon)
 v - a +0 cloak (worn)
   (You bought it in a shop on level 7 of the Dungeon)
 H - a +1 pair of gloves of stealth (worn)
   (You found it in a Gauntlet)
 M - a +0 pair of boots (worn)
   (You found it on level 12 of the Dungeon)
 N - a +1 plate armour of cold resistance (worn)
   (You found it on level 12 of the Dungeon)
Jewellery
 n - a ring of protection from cold
   (You found it on level 2 of the Lair of Beasts)
 o - a ring of see invisible
   (You found it on level 4 of the Dungeon)
 u - the ring of Xom's Bemusement (left hand) {rC+ Will+ Str+6 Int+3}
   (You found it in a Gauntlet)

   [ring of strength]

   Str:       It affects your strength (+6).
   Int:       It affects your intelligence (+3).
   rC:        It protects you from cold.
   Will:      It increases your willpower.
 z - a ring of poison resistance (right hand)
   (You took it off an orc on level 6 of the Dungeon)
 I - a ring of protection from fire
   (You found it on level 4 of the Lair of Beasts)
 J - an amulet of guardian spirit (around neck)
   (You found it on level 4 of the Lair of Beasts)
 O - a ring of willpower
   (You found it on level 1 of the Spider Nest)
Wands
 d - a wand of iceblast (9)
   (You found it on level 5 of the Dungeon)
 r - a wand of polymorph (1)
   (You took it off Eustachio on level 5 of the Dungeon)
 t - a wand of flame (11)
   (You took it off Dowan on level 6 of the Dungeon)
 w - a wand of mindburst (9)
   (You found it on level 14 of the Dungeon)
 A - a wand of light (6)
   (You found it in a Gauntlet)
 F - a wand of charming (9)
   (You found it on level 9 of the Dungeon)
Scrolls
 f - 8 scrolls of fear
 l - 5 scrolls of teleportation
 p - a scroll of silence
 s - a scroll of enchant armour
 x - 3 scrolls of vulnerability
 y - 4 scrolls of enchant weapon
 B - 7 scrolls of identify
 C - 2 scrolls of magic mapping
 D - 5 scrolls of butterflies
 G - a scroll of summoning
 K - 2 scrolls of blinking
Potions
 c - 7 potions of invisibility
 e - 6 potions of mutation
 g - 5 potions of haste
 h - 8 potions of flight
 i - 11 potions of curing
 k - 8 potions of ambrosia
 m - 5 potions of lignification
 q - 2 potions of magic
 E - 3 potions of cancellation
 L - 5 potions of heal wounds


   Skills:
 * Level 21.8 Fighting
 - Level 1.1 Short Blades
 - Level 14.0 Staves
 + Level 14.9 Armour
 + Level 14.0 Dodging
 - Level 2.4 Stealth
 - Level 1.3 Spellcasting
 - Level 2.0 Hexes
 + Level 11.2 Invocations


You had 17 spell levels left.
You didn't know any spells.
Your spell library contained the following spells:

 Spells                   Type           Power      Damage    Failure   Level
 Apportation              Tloc           2%         N/A       82%         1
 Beastly Appendage        Tmut           2%         N/A       82%         1
 Ensorcelled Hibernation  Hex/Ice        8%         N/A       82%         2
 Confusing Touch          Hex            7%         N/A       88%         3
 Tukima's Dance           Hex            7%         N/A       88%         3
 Poisonous Vapours        Pois/Air       2%         N/A       91%         2
 Scorch                   Fire           2%         2d5       91%         2
 Wereblood                Tmut           1%         N/A       91%         2
 Dazzling Flash           Conj/Hex       8%         N/A       96%         3
 Portal Projectile        Hex/Tloc       8%         N/A       96%         3
 Frozen Ramparts          Ice            2%         1d8       99%         3
 Ignite Poison            Fire/Tmut/Pois 1%         N/A       99%         3
 Mephitic Cloud           Conj/Pois/Air  1%         N/A       99%         3
 Spider Form              Tmut/Pois      1%         N/A       99%         3
 Corpse Rot               Necr/Pois/Air  1%         N/A       100%        4
 Dispel Undead            Necr           1%         3d6       100%        4
 Flame Wave               Conj/Fire      1%         2d4       100%        4
 Ice Form                 Ice/Tmut       1%         N/A       100%        4
 Olgreb's Toxic Radiance  Pois           1%         N/A       100%        4
 Summon Ice Beast         Ice/Summ       1%         N/A       100%        4
 Alistair's Intoxication  Tmut/Pois      0%         N/A       100%        5
 Blade Hands              Tmut           0%         N/A       100%        5
 Freezing Cloud           Conj/Ice/Air   0%         6-21      100%        5
 Death Channel            Necr           0%         N/A       100%        6
 Summon Cactus Giant      Summ           0%         N/A       100%        6
 Ozocubu's Refrigeration  Ice            0%         4d7       100%        7
 Ignition                 Fire           0%         3d3       100%        8


Dungeon Overview and Level Annotations

Branches:
Dungeon (15/15)            Temple (1/1) D:7            Lair (5/5) D:11
 Shoals (0/4) Lair:3       Spider (1/4) Lair:3        Slime (0/5) Lair:4
    Orc (2/2) D:9             Elf (0/3) Orc:2        Vaults (0/5) D:13
 Depths (0/4) D:15        Ossuary (visited)         Gauntlet (visited)

Altars:
Ashenzari
Cheibriados
Dithmenos
Elyvilon
Fedhas
Gozag
Hepliaklqana
Kikubaaqudgha
Makhleb
Nemelex Xobeh
Qazlal
Ru
Sif Muna
Trog
Uskayaw
Vehumet
Xom
Yredelemnul
Zin
The Shining One
Jiyva

Shops:
D:7 [   Orc:2 *=[=

Portals:
Trove: D:14 (give 5 potions of resistance)

Annotations:
D:5 2 transporters
D:12 exclusion: ice statue
D:14 2 transporters, Teareba's ghost, adept VSBr
Lair:3 1 runed translucent door, Qenutwie's ghost, journeyman HOCA
Orc:2 2 runed translucent doors, exclusion: orange crystal statue


Innate Abilities, Weirdness & Mutations

You have a pair of horns on your head.
You reflexively headbutt those who attack you in melee.


Message History

Aim: a jorogumo (moderately wounded)
The mass of ice explodes!
The iceblast engulfs the jorogumo!
The iceblast engulfs the tarantella!
You hear a faint skittering sound.
The tarantella's wounds heal themselves!
Aim: a jorogumo (heavily wounded)
The mass of ice explodes!
The iceblast engulfs the jorogumo.
The iceblast engulfs the tarantella!
The jorogumo stares at you and mumbles some strange words.
The stream of webbing hits you but does no damage.
You are caught in a web!
Aim: a jorogumo (heavily wounded)
The mass of ice explodes!
The iceblast engulfs the jorogumo!
The iceblast engulfs the culicivora!
The iceblast engulfs the tarantella!
The culicivora enters a dispersal trap!
The culicivora blinks!
The jorogumo blinks!
The tarantella blinks!
The jorogumo blinks!
The torpor snail blinks!
The tarantella barely misses you. You furiously retaliate!
You headbutt the tarantella, but do no damage.
You struggle to detach yourself from the web.
The tarantella barely misses you. You furiously retaliate!
You headbutt the tarantella.
You kill the tarantella!
Makhleb accepts your kill.
You feel better.
The culicivora is healed somewhat. x2
The web tears apart.
The culicivora is healed somewhat.
The culicivora barely misses you. You furiously retaliate!
You headbutt the culicivora!
The torpor snail bites you but does no damage.
A culicivora comes into view.
The culicivora bites you!
* * * LOW HITPOINT WARNING * * *
The culicivora draws strength from your injuries!
The culicivora closely misses you.
A demon appears!
The culicivora's many legs skitter faintly.
The culicivora barely misses you. You furiously retaliate!
You headbutt the culicivora! The culicivora bites you.
* * * LOW HITPOINT WARNING * * *
The culicivora draws strength from your injuries!
The culicivora is healed somewhat.
The torpor snail bites you!
* * * LOW HITPOINT WARNING * * *
The culicivora closely misses you.
The culicivora bites you but does no damage.
The culicivora is healed somewhat.
The torpor snail attacks as you move away!
The torpor snail bites you!
* * * LOW HITPOINT WARNING * * *
The culicivora bites you!
You die...

##.....s## ##.. ......†..#
#... ......††.## #... #
.....##...# ###...
.....####...##### ##^....
.w.^.##....##...## #####)...#.
s..w°...s^..s.2..###.#.....###
.s.#...#..#ws.............##
#....†.Hs.@...........##
#..................####
####################


You could see a jorogumo, a torpor snail, 4 culicivoras and a friendly cacodemon
(summoned, slow).

Vanquished Creatures
  Jorgrun (D:15)
  Rupert (D:13)
  Kirke (D:15)
  A stone giant (D:15)
  An entropy weaver (Spider:1)
  A minotaur (Gauntlet)
  Fannar (Lair:1)
  7 boulder beetles
  13 hydras
  An ogre mage (D:15)
  A catoblepas (D:13)
  10 two-headed ogres
  A hell beast (Gauntlet)
  5 centaur warriors
  A merfolk avatar (Lair:5)
  22 death yaks
  2 tengu warriors (D:15)
  3 orc high priests (Orc:2)
  Nergalle (Lair:1)
  A pharaoh ant (Spider:1)
  3 skeletal warriors (D:14)
  A wizard (D:15)
  6 orc knights
  An obsidian statue (D:12)
  Pikel (D:3)
  A lindwurm (Lair:2)
  2 deep elf pyromancers
  3 harpies
  4 orc sorcerers
  2 oklob plants
  16 ugly things
  6 manticores
  4 cyclopes
  14 elephants
  2 torpor snails
  4 gargoyles
  An ice statue (D:12)
  6 black mambas
  11 cane toads
  Maggie (D:6)
  12 komodo dragons
  An unseen horror (D:12)
  A demonic crawler (Spider:1)
  A minotaur zombie (Gauntlet)
  A kobold demonologist (D:12)
  A tengu conjurer (D:14)
  5 rime drakes
  An efreet (D:14)
  9 trolls
  A queen bee (Lair:2)
  5 polar bears
  3 merfolk (Lair:3)
  Prince Ribbit (D:5)
  A hornet (Lair:5)
  A tarantella (Spider:1)
  10 slime creatures
  5 dream sheep (Lair:3)
  28 blink frogs
  2 culicivoras (Spider:1)
  2 wraiths (D:11)
  9 jumping spiders (Spider:1)
  8 wyverns
  3 shadows
  A vampire (D:10)
  4 hogs
  59 yaks
  3 basilisks
  16 humans (D:13)
  A neqoxec (Gauntlet)
  Eustachio (D:5)
  5 redbacks
  10 vampire mosquitoes
  4 steam dragons
  3 chaos spawn (Gauntlet)
  Menkaure (D:6)
  A swamp worm (D:6)
  2 wargs (Orc:2)
  3 acid dragons
  Duvessa (D:6)
  10 water moccasins
  24 orc warriors
  2 ice beasts (D:6)
  A sky beast (D:6)
  4 black bears
  4 ogres
  A centaur (D:8)
  24 wolves
  4 boggarts (Lair:3)
  4 lemures (D:4)
  5 elf zombies (Ossuary)
  2 kobold brigands
  2 necrophages
  A gnoll sergeant (D:6)
  3 scorpions
  16 bullfrogs
  3 wights
  Dowan (D:6)
  30 killer bees
  3 howler monkeys (D:9)
  An electric eel (Spider:1)
  A small abomination (Gauntlet)
  4 centaur zombies (Ossuary)
  3 hounds
  19 orc priests
  A jelly (D:4)
  2 gnoll boudas
  3 human zombies (Ossuary)
  4 iguanas
  28 orc wizards
  10 hell rats
  3 mummies (Ossuary)
  13 gnolls
  A river rat (D:11)
  7 adders
  A shadow imp (D:7)
  3 white imps
  An ufetubus (D:3)
  A worm (D:3)
  3 dart slugs
  80 orcs
  6 endoplasms
  2 giant cockroaches
  6 goblins
  5 hobgoblins
  4 jackals (D:5)
  16 kobolds
  7 quokkas
  5 ball pythons
  6 bats
  9 frilled lizards
  6 rats
795 creatures vanquished.

Vanquished Creatures (collateral kills)
  2 yaks (D:11)
2 creatures vanquished.

Vanquished Creatures (others)
  A tengu warrior (D:14)
  A slime creature (D:14)
  An orc priest (Orc:2)
  An orc wizard (Orc:2)
  2 bushes (Lair:3)
  50 fungi
  67 plants
  7 withered plants (D:6)
130 creatures vanquished.

Grand Total: 927 creatures vanquished

Notes
Turn   | Place    | Note
-------+----------+-------------------------------------------
     0 | D:1      | vurker the Minotaur Enchanter began the quest for the Orb.
     0 | D:1      | Reached XP level 1. HP: 14/14 MP: 1/1
   288 | D:1      | Reached skill level 1 in Fighting
   291 | D:1      | Reached XP level 2. HP: 7/23 MP: 3/3
   636 | D:1      | Reached skill level 1 in Armour
   734 | D:1      | Reached skill level 1 in Staves
  1040 | D:1      | Reached XP level 3. HP: 29/29 MP: 4/4
  1646 | D:2      | Reached skill level 2 in Fighting
  1980 | D:2      | You fall into a shaft and drop 1 floor!
  2650 | D:3      | Reached XP level 4. HP: 14/36 MP: 5/5
  2896 | D:3      | Found a shimmering altar of Xom.
  3223 | D:3      | Reached XP level 5. HP: 35/42 MP: 6/6
  3443 | D:3      | Found a sacrificial altar of Ru.
  3968 | D:4      | Reached skill level 3 in Fighting
  4263 | D:3      | Reached XP level 6. HP: 40/51 MP: 7/7
  4355 | D:4      | Noticed Pikel
  4726 | D:4      | Found a radiant altar of Vehumet.
  4795 | D:4      | Reached skill level 5 in Staves
  4808 | D:4      | Found a sparkling altar of Nemelex Xobeh.
  4828 | D:4      | Reached skill level 4 in Fighting
  5348 | D:5      | Entered Level 5 of the Dungeon
  5496 | D:5      | Found a basalt altar of Yredelemnul.
  5496 | D:5      | Noticed a troll
  5496 | D:5      | Noticed a shadow
  5499 | D:5      | Found a transporter.
  5528 | D:5      | Noticed Eustachio
  5545 | D:5      | Killed Eustachio
  5546 | D:5      | Reached XP level 7. HP: 40/60 MP: 8/8
  5551 | D:5      | Reached skill level 5 in Fighting
  5757 | D:5      | Found a sand-covered staircase.
  5767 | Ossuary  | Entered an ossuary
  5939 | Ossuary  | Reached XP level 8. HP: 70/70 MP: 9/9
  5955 | Ossuary  | Reached skill level 6 in Fighting
  6672 | D:5      | Found a transporter.
  6897 | D:6      | Noticed Maggie
  6987 | D:6      | Killed Maggie
  6988 | D:6      | Reached skill level 7 in Fighting
  6988 | D:6      | Reached skill level 10 in Staves
  7197 | D:6      | Noticed Prince Ribbit
  7198 | D:6      | Noticed Duvessa
  7216 | D:5      | Killed Prince Ribbit
  7217 | D:5      | Reached XP level 9. HP: 51/81 MP: 10/10
  7347 | D:6      | Killed Duvessa
  7347 | D:6      | Noticed Dowan
  7348 | D:6      | Reached skill level 8 in Fighting
  7352 | D:6      | Killed Dowan
  7353 | D:6      | Noticed a two-headed ogre
  7752 | D:6      | Found an ancient bone altar of Kikubaaqudgha.
  8049 | D:6      | Noticed Menkaure
  8055 | D:6      | Killed Menkaure
  8274 | D:6      | a two-headed ogre changed into a swamp worm
  8510 | D:6      | Reached skill level 9 in Fighting
  8747 | D:6      | Found a burning altar of Makhleb.
  9131 | D:4      | Found a radiant altar of Vehumet.
  9139 | D:4      | Found a sparkling altar of Nemelex Xobeh.
  9567 | D:3      | Found a shimmering altar of Xom.
  9744 | D:3      | Found a sacrificial altar of Ru.
  9990 | D:3      | Killed Pikel
 10472 | D:7      | Reached XP level 10. HP: 83/92 MP: 11/11
 10508 | D:7      | Found Edwygit's Armour Emporium.
 10598 | D:7      | Identified a scroll of acquirement
 10598 | D:7      | Acquired a +1 quarterstaff of draining
 10792 | D:7      | Bought a +0 cloak for 49 gold pieces
 10792 | D:7      | Bought a +0 pair of gloves for 49 gold pieces
 11113 | D:7      | Found a staircase to the Ecumenical Temple.
 11275 | D:7      | Noticed a white ugly thing
 11282 | D:7      | Killed a white ugly thing
 11283 | D:7      | Reached skill level 10 in Fighting
 11704 | D:7      | Noticed a cyan ugly thing
 11712 | D:7      | Killed a red ugly thing
 12192 | D:8      | Found a broken altar of Ashenzari.
 12231 | D:8      | Noticed a two-headed ogre
 12242 | D:8      | Killed a two-headed ogre
 12243 | D:8      | Reached skill level 11 in Fighting
 12243 | D:8      | Reached skill level 5 in Armour
 12243 | D:8      | Reached skill level 5 in Dodging
 12409 | D:8      | Noticed a seven-headed hydra
 12414 | D:8      | HP: 1/96 [seven-headed hydra (6)]
 12741 | D:8      | Killed a seven-headed hydra
 13185 | D:9      | Reached XP level 11. HP: 95/104 MP: 12/12
 13466 | D:9      | Found a glowing golden altar of the Shining One.
 13753 | D:9      | Reached skill level 12 in Fighting
 13983 | D:9      | Found a staircase to the Orcish Mines.
 14024 | D:9      | Noticed a two-headed ogre
 14034 | D:9      | Killed a two-headed ogre
 14478 | D:10     | Entered Level 10 of the Dungeon
 14488 | D:10     | Found an opulent altar of Gozag.
 14683 | D:10     | Found a glowing silver altar of Zin.
 14954 | Temple   | Entered the Ecumenical Temple
 15075 | D:6      | Became a worshipper of Makhleb the Destroyer
 15209 | D:10     | Noticed a two-headed ogre
 15217 | D:10     | Killed a two-headed ogre
 15218 | D:10     | Reached skill level 13 in Fighting
 15442 | D:10     | Reached skill level 1 in Invocations
 15662 | D:11     | Noticed a boulder beetle
 15673 | D:11     | Killed a boulder beetle
 15687 | D:11     | Noticed a two-headed ogre
 15693 | D:11     | Killed a two-headed ogre
 15921 | D:11     | Found a staircase to the Lair.
 15921 | D:11     | Noticed a death yak
 15921 | D:11     | Noticed a death yak
 15922 | D:11     | Noticed a four-headed hydra
 15927 | D:11     | Noticed a death yak
 15929 | D:11     | Reached * piety under Makhleb
 15943 | D:11     | Killed a death yak
 15973 | Lair:1   | Entered Level 1 of the Lair of Beasts
 16372 | D:11     | Reached skill level 14 in Fighting
 16376 | D:11     | Reached XP level 12. HP: 116/117 MP: 13/13
 16752 | D:11     | Killed a four-headed hydra
 16892 | D:11     | Killed a death yak
 16899 | D:11     | Killed a death yak
 16899 | D:11     | Reached ** piety under Makhleb
 17189 | Lair:1   | Noticed Fannar
 17218 | Lair:1   | Killed Fannar
 17422 | Lair:1   | Reached skill level 15 in Fighting
 17856 | Lair:1   | Noticed a five-headed hydra
 18201 | Lair:1   | Reached skill level 5 in Invocations
 18360 | Lair:1   | Killed an eight-headed hydra
 18602 | Lair:2   | Noticed Nergalle
 18685 | Lair:1   | Killed Nergalle
 19145 | Lair:2   | Reached XP level 13. HP: 128/128 MP: 16/16
 19176 | Lair:2   | Identified the +1 leather armour "Vomaxker" {Fly rF- Str+3}
 19193 | Lair:2   | Reached *** piety under Makhleb
 19194 | Lair:2   | Reached skill level 16 in Fighting
 19194 | Lair:2   | Reached skill level 10 in Armour
 19931 | Lair:2   | Reached skill level 10 in Dodging
 20392 | Lair:2   | Identified the +3 robe of Unreason {Dex+3}
 20607 | Lair:2   | Reached **** piety under Makhleb
 21058 | Lair:2   | Reached skill level 17 in Fighting
 21655 | Lair:3   | Found a gate leading to a gauntlet.
 21725 | Gauntlet | Entered a Gauntlet
 21725 | Gauntlet | Found a transporter.
 21809 | Gauntlet | Found a transporter.
 21826 | Gauntlet | Found a transporter.
 21831 | Gauntlet | Found a transporter.
 21837 | Gauntlet | Found a transporter.
 21852 | Gauntlet | Found a transporter.
 21871 | Gauntlet | Found a transporter.
 21883 | Gauntlet | Found a transporter.
 21895 | Gauntlet | Found a transporter.
 21901 | Gauntlet | Found a transporter.
 21901 | Gauntlet | Found a transporter.
 21919 | Gauntlet | Noticed a blizzard demon
 21920 | Gauntlet | Found a transporter.
 21932 | Gauntlet | Found a transporter.
 21938 | Gauntlet | Found a transporter.
 21938 | Gauntlet | Found a transporter.
 21981 | Gauntlet | Found a transporter.
 21983 | Gauntlet | Found a runed translucent gate.
 21983 | Gauntlet | Found a runed translucent gate.
 21983 | Gauntlet | Found a runed translucent gate.
 21986 | Gauntlet | Found a large runed translucent door.
 21986 | Gauntlet | Found a large runed translucent door.
 21986 | Gauntlet | Found a large runed translucent door.
 21986 | Gauntlet | Found a large runed translucent door.
 21989 | Gauntlet | Found a large runed translucent door.
 21989 | Gauntlet | Found a large runed translucent door.
 21991 | Gauntlet | Found a large runed translucent door.
 21991 | Gauntlet | Found a large runed translucent door.
 21993 | Gauntlet | Found a large runed translucent door.
 21993 | Gauntlet | Found a large runed translucent door.
 21993 | Gauntlet | Found a runed translucent door.
 21993 | Gauntlet | Found a runed translucent door.
 21994 | Gauntlet | Found a large runed translucent door.
 21995 | Gauntlet | Found a large runed translucent door.
 22004 | Gauntlet | Found a large runed translucent door.
 22004 | Gauntlet | Found a large runed translucent door.
 22005 | Gauntlet | Found a large runed translucent door.
 22006 | Gauntlet | Found a large runed translucent door.
 22008 | Gauntlet | Found a transporter.
 22122 | Gauntlet | Found a transporter.
 22327 | Gauntlet | Identified the ring of Xom's Bemusement {rC+ Will+ Str+6
                  | Int+3}
 22374 | Gauntlet | Noticed a minotaur
 22383 | Gauntlet | Killed a minotaur
 22719 | Lair:3   | Found a glowing golden altar of the Shining One.
 22888 | Lair:3   | Found a hole to the Spider Nest.
 22933 | Lair:3   | Reached XP level 14. HP: 115/141 MP: 18/18
 23087 | Lair:3   | Found a runed translucent door.
 23089 | Lair:3   | Identified the +7 trident of Superiority {vorpal, *Rage
                  | rN+++ Will- Str+7}
 23089 | Lair:3   | Noticed Qenutwie's ghost (journeyman HOCA)
 23183 | Lair:3   | Reached ***** piety under Makhleb
 23609 | Lair:3   | Found a staircase to the Shoals.
 23617 | Lair:3   | Reached skill level 18 in Fighting
 24423 | Lair:4   | Found a viscous altar of Jiyva.
 24424 | Lair:4   | Found a staircase to the Slime Pits.
 25261 | Lair:5   | Entered Level 5 of the Lair of Beasts
 26261 | Lair:4   | Reached skill level 19 in Fighting
 27486 | Lair:5   | Reached XP level 15. HP: 145/152 MP: 16/20
 28447 | Orc:1    | Entered Level 1 of the Orcish Mines
 28501 | Orc:1    | Found a shimmering blue altar of Sif Muna.
 28513 | Orc:1    | Reached ****** piety under Makhleb
 28654 | Orc:2    | Entered Level 2 of the Orcish Mines
 28654 | Orc:2    | Found a staircase to the Elven Halls.
 29868 | Orc:2    | Found a runed translucent door.
 29885 | Orc:2    | Found the +10 tower shield of Ignorance {rN+ Int-4}
 29929 | Orc:2    | Found a runed translucent door.
 29935 | Orc:2    | Reached skill level 20 in Fighting
 30832 | Orc:2    | Found Ydump's Jewellery Boutique.
 30832 | Orc:2    | Found Unlefeoc's General Store.
 30837 | Orc:2    | Found Ahaed's Jewellery Boutique.
 30837 | Orc:2    | Found Riujink's Antique Armour Shoppe.
 30986 | Orc:2    | Bought a potion of haste for 170 gold pieces
 31468 | D:12     | Reached skill level 10 in Invocations
 31896 | D:13     | Found a hide-covered altar of Uskayaw.
 32594 | D:13     | Found a gate to the Vaults.
 32594 | D:13     | Noticed Rupert
 32697 | D:13     | Killed Rupert
 33537 | D:14     | Noticed Teareba's ghost (adept VSBr)
 33545 | D:14     | Noticed a tengu reaver
 33756 | D:14     | Found a transporter.
 33756 | D:14     | Identified the amulet "Apuem" {Acrobat Harm Str+3}
 34000 | D:14     | Found a transporter.
 34309 | D:14     | Found a portal to a secret trove of treasure.
 34463 | D:14     | Reached skill level 21 in Fighting
 34824 | D:14     | Reached XP level 16. HP: 167/167 MP: 22/22
 35075 | D:15     | Entered Level 15 of the Dungeon
 35075 | D:15     | Noticed Jorgrun
 35168 | D:15     | Killed Jorgrun
 36379 | D:15     | Noticed Kirke
 36563 | D:15     | Found a staircase to the Depths.
 36839 | D:15     | Killed Kirke
 37519 | Spider:1 | Entered Level 1 of the Spider Nest
 38045 | Spider:1 | Identified the +7 quarterstaff of Saifigorgh {elec, rPois
                  | rF+ rN+}
 38132 | Spider:1 | HP: 4/161 [torpor snail (6)]
 38132 | Spider:1 | Slain by a culicivora

Illustrated notes

Levels and vault maps discovered:
D:1:      psy_arrival_spokes, layout_basic, chequers_serial_rivers_marsh,
          amcnicky_mini_pool_small, kennysheep_boxes
D:2:      layout_rooms, minmay_misc_feat_square, roderic_lattice_a,
          hangedman_abyss_or_decor_lesser_grid
D:3:      layout_loops_ring, mainiacjoe_overflow_concentric_impassable,
          nicolae_ru_great_annihilating_truth, st_stairs_11
D:4:      layout_cave_pools, mainiacjoe_overflow_boulevard,
          amcnicky_altar_gilded, grunt_decor_resistance, uniq_pikel
D:5:      layout_basic, gammafunk_temple_overflow_arena,
          nicolae_ossuary_entry_ruins, uniq_eustachio
D:6:      layout_basic, makhleb_blood_cavern_becter, kiku_gazebo_garden_becter,
          skrybe_limestone_x, uniq_duvessa, uniq_maggie, uniq_prince_ribbit1,
          uniq_menkaure
D:7:      layout_rooms, nicolae_overflow_hidden_temple,
          minmay_temple_entry_butterflies, serial_shops,
          nicolae_shop_window_shopping, minmay_three_doors
D:8:      layout_basic, general_overflow_altar
D:9:      layout_loops_ring, nicolae_tso_carved_into_rock, david_orc_4
D:10:     layout_rooms, mainiacjoe_overflow_six_doors_small,
          grunt_gozag_breadcrumbs
D:11:     layout_loops_ring, dpeg_lair_monsters
D:12:     cheibrodos_frozen_isle, layout_basic, grunt_ministairs_9,
          hangedman_decor_peaks_small, minmay_more_statues
D:13:     layout_loops_ring, david_vaults_3, eat_drink_and_be_merry_uskayaw
D:14:     layout_basic, nicolae_trove_entry_crossroad, gammafunk_ghost_arena,
          abandoned_shop
D:15:     grunt_enter_depths_snipers, layout_grid_maze,
          chequers_serial_rivers_large_b, uniq_jorgrun, uniq_kirke
Temple:   dpeg_three_leaves_temple
Lair:1:   layout_loops_ring, grunt_megastairs_4, uniq_fannar
Lair:2:   layout_cave_pods, special_room [special_room_bee],
          minmay_shattered_shrine, uniq_nergalle
Lair:3:   layout_cave_pods, elwin_shoals_entry_rooms, spider_nest_entry_a,
          basic_altar, ebering_ghost_funeral_grove, gauntlet_entry_generic,
          kilobyte_rumbling_trees
Lair:4:   layout_cave_shapes, slime_entry_1
Lair:5:   gammafunk_lair_ancient_temple, layout_small_grid, patterned_corridor
Spider:1: layout_spider_delve
Orc:1:    layout_caves, kennysheep_orc_sif_temple
Orc:2:    grunt_orc_tribal_feast, layout_caves,
          chequers_guarded_unrand_ignorance

Skill      XL: |  1  2  3  4  5  6  7  8  9 10 11 12 13 14 15 16 |
---------------+-------------------------------------------------+-----
Fighting       | 1 2 3 4 5 7 9 11 14 15 17 19 21 | 21.8
Armour         | 1 2 5 8 9 11 12 14 | 14.9
Staves         | 1 2 3 4 6 8 10 13 14 | 14.0
Dodging        | 3 5 7 9 10 12 13 14 | 14.0
Invocations    | 3 5 7 9 10 11 | 11.2
Short Blades   | |  1.1
Stealth        | |  2.4
Spellcasting   | |  1.3
Hexes          | |  2.0

Action                   |  1- 3 |  4- 6 |  7- 9 | 10-12 | 13-15 | 16-18 || total
-------------------------+-------+-------+-------+-------+-------+-------++-------
Melee: Dagger            |    12 |       |       |       |       |       ||    12
       Lajatang          |    90 |   187 |   250 |   563 |  1355 |   255 ||  2700
       Headbutt          |    12 |    40 |    55 |   127 |   386 |    69 ||   689
       Quarterstaff      |       |       |       |    18 |    59 |     5 ||    82
Invok: Lesser Servant of |       |       |       |       |     1 |       ||     1
       Greater Servant o |       |       |       |       |       |     1 ||     1
Evoke: Wand              |       |       |     5 |    12 |     1 |     4 ||    22
  Use: Scroll            |     8 |     5 |     7 |    12 |     6 |     2 ||    40
       Potion            |       |       |       |     2 |     4 |       ||     6
 Stab: Sleeping          |     6 |       |     1 |       |     4 |       ||    11
       Paralysed         |       |     2 |       |       |       |       ||     2
       Distracted        |       |       |       |       |     1 |       ||     1
Armor: Robe              |    23 |       |       |       |       |       ||    23
       Chain mail        |       |    33 |       |       |       |       ||    33
       Ring mail         |       |     7 |       |       |       |       ||     7
       Plate armour      |       |   105 |    69 |       |   158 |   180 ||   512
       Swamp dragon scal |       |       |    15 |   244 |   504 |       ||   763
Dodge: Dodged            |    70 |    78 |    75 |   331 |   916 |   186 ||  1656

Table legend: (Time is in decaauts)
 A = Elapsed time spent in this place.
 B = Non-inter-level travel time spent in this place.
 C = Inter-level travel time spent in this place.
 D = Time resting spent in this place.
 E = Time spent auto-exploring this place.
 F = Levels seen in this place.
 G = Mean time per level.
                   A        B        C        D        E       F      G
               +--------+--------+--------+--------+--------+-----+--------+
         Total |  37605 |  35787 |   1818 |   3388 |  26743 |  26 | 1446.3 |
       Dungeon |  22711 |  21441 |   1270 |   1554 |  16873 |  15 | 1514.1 |
        Temple |     80 |     65 |     15 |      0 |     58 |   1 |   80.0 |
          Lair |  10549 |  10104 |    445 |   1117 |   7284 |   5 | 2109.8 |
   Spider Nest |    598 |    598 |      0 |     17 |    434 |   1 |  598.0 |
  Orcish Mines |   2548 |   2462 |     86 |    683 |   1354 |   2 | 1274.0 |
       Ossuary |    366 |    366 |      0 |      0 |    235 |   1 |  366.0 |
      Gauntlet |    751 |    751 |      0 |     17 |    504 |   1 |  751.0 |
               +--------+--------+--------+--------+--------+-----+--------+

Top non-repeatable levels by time:
     D:3: 2553 daAuts
  Lair:2: 2484 daAuts
  Lair:1: 2251 daAuts
  Lair:4: 2073 daAuts
  Lair:3: 1952 daAuts
    D:14: 1944 daAuts
    D:15: 1889 daAuts
     D:5: 1793 daAuts
  Lair:5: 1788 daAuts
     D:6: 1740 daAuts
     D:9: 1572 daAuts
    D:13: 1567 daAuts
     D:1: 1534 daAuts
     D:4: 1460 daAuts
     D:7: 1438 daAuts
